 Dungeon Crawl Stone Soup version 0.26.0-16-gc1dbca0489 (webtiles) character file.

Game seed: 5281420695647217877

114 vvl the Skirmisher (level 4, -3/29 HPs)
             Began as a Gargoyle Fighter on Jan 22, 2021.
             Killed from afar by an orc wizard (8 damage)
             ... with a magic dart
             ... on level 3 of the Dungeon.
             The game lasted 00:05:07 (2456 turns).

vvl the Skirmisher (Gargoyle Fighter)               Turns: 2456, Time: 00:05:08

Health: -3/29      AC:  8    Str: 20    XL:     4   Next: 98%
Magic:  4/4        EV: 12    Int:  9    God:
Gold:   158        SH:  9    Dex:  9    Spells: 3/3 levels left

rFire    . . .     SeeInvis .   a - +0 flail
rCold    . . .     Faith    .   c - +0 kite shield
rNeg     + . .     Spirit   .   o - +0 leather armour (curse)
rPois    ∞         Reflect  .   r - +0 helmet
rElec    +         Harm     +   i - scarf {harm}
rCorr    .         Rampage  .   (no gloves)
Will     .....                  (no boots)
Stlth    +.........             (no amulet)
HPRegen  0.09/turn              h - +4 ring of evasion
MPRegen  0.09/turn              (no ring)

@: no status effects
A: negative energy resistance 1, electricity resistance, unbreathing,
petrification resistance, miasma immunity, AC +3
a: no special abilities


You were on level 3 of the Dungeon.
You visited 1 branch of the dungeon, and saw 3 of its levels.

You collected 158 gold pieces.

Inventory:

Hand Weapons
 a - a +0 flail (weapon)
Armour
 b - a +0 scale mail
 c - a +0 kite shield (worn)
 i - a scarf of harm (worn)
 o - a cursed +0 leather armour (worn)
 r - a +0 helmet (worn)
Jewellery
 h - a +4 ring of evasion (left hand)
 q - an uncursed ring of protection from cold {unknown}
Scrolls
 e - 2 scrolls of teleportation {unknown}
 g - 2 scrolls of remove curse {unknown}
 j - 2 scrolls of enchant armour {unknown}
 k - a scroll of fog {unknown}
 m - 3 scrolls of identify {unknown}
 p - a scroll of noise {unknown}
Potions
 d - a potion of might
 f - a potion of attraction {unknown}
 l - 2 potions of curing {unknown}
 n - a potion of lignification {unknown}


   Skills:
 + Level 3.8 Fighting
 * Level 3.2 Maces & Flails
 + Level 3.7 Armour
 + Level 3.8 Shields
 + Level 1.7 Earth Magic
 + Level 1.1 Evocations


You had 3 spell levels left.
You didn't know any spells.
Your spell library contained the following spells:

 Spells                   Type           Power        Failure   Level
 Magic Dart               Conj           0%           90%         1
 Searing Ray              Conj           0%           97%         2
 Dazzling Flash           Conj/Hex       0%           99%         3
 Fulminant Prism          Conj/Hex       0%           100%        4
 Iskenderun's Mystic Bla  Conj/Tloc      0%           100%        4


Dungeon Overview and Level Annotations

Branches:
Dungeon (3/15)

Altars:
Makhleb
Xom


Innate Abilities, Weirdness & Mutations

You are resistant to torment.
Your stone body is resilient. (AC +3)
You are immune to poison.
You resist negative energy. (rN+)
You are resistant to electric shocks. (rElec)
You can survive without breathing.
You are immune to petrification.
You are immune to miasma.


Message History

You barely miss something. Something hits you but does no damage.
Something barely misses you.
You hit something. Something barely misses you. You block something's attack.
You miss something.
You hear some strange, mumbled words.
A puff of frost appears from out of thin air!
The puff of frost hits you but does no damage.
You hear some strange, mumbled words.
A puff of flame appears from out of thin air!
The puff of flame hits you.
* * * LOW HITPOINT WARNING * * *
You miss something.
Something hits you but does no damage. x2
You hit something. Something hits you.
* * * LOW HITPOINT WARNING * * *
Something hits you but does no damage.
You miss something. You block something's attack.
You hear some strange, mumbled words.
A magic dart appears from out of thin air!
The magic dart hits you!
You die...

#..#
#..#
#...
#..#
#..#
##..#
#.){#
#.#@#
#.)[#
###.#
###.#
#...#
#.#.#
#...#
#..##
#<.#


There were no monsters in sight!

Vanquished Creatures
  A hound (D:2)
  An adder (D:2)
  2 worms (D:2)
  2 dart slugs (D:2)
  4 leopard geckos
  4 orcs (D:3)
  6 goblins
  7 hobgoblins
  4 jackals
  2 quokkas
  6 bats
  6 frilled lizards (D:2)
  8 kobolds
  5 rats
58 creatures vanquished.

Notes
Turn   | Place    | Note
-------+----------+-------------------------------------------
     0 | D:1      | vvl the Gargoyle Fighter began the quest for the Orb.
     0 | D:1      | Reached XP level 1. HP: 14/14 MP: 1/1
   418 | D:1      | Reached XP level 2. HP: 19/19 MP: 2/2
  1275 | D:2      | Reached XP level 3. HP: 23/23 MP: 3/3
  1279 | D:2      | Reached skill level 1 in Earth Magic
  1337 | D:2      | Reached XP level 4. HP: 29/29 MP: 4/4
  1354 | D:2      | Found a shimmering altar of Xom.
  1688 | D:2      | Found a burning altar of Makhleb.
  1947 | D:3      | Reached skill level 1 in Evocations
  2456 | D:3      | Killed from afar by an orc wizard

Illustrated notes

Levels and vault maps discovered:
D:1:      psy_arrival_conway, layout_basic
D:2:      layout_rooms, makhleb_blood_cavern_becter, xom_teletrap_fun
D:3:      layout_loops_ring, kennysheep_generic_room_9

Skill      XL: |  1  2  3  4 |
---------------+-------------+-----
Earth Magic    | 1 |  1.7
Maces & Flails | 3 |  3.2
Evocations     | 1 |  1.1
Fighting       | |  3.8
Armour         | |  3.7
Shields        | |  3.8

Action                   |  1- 3 |  4- 6 || total
-------------------------+-------+-------++-------
Melee: Flail             |    91 |   139 ||   230
Armor: Scale mail        |    62 |    31 ||    93
       Leather armour    |       |    39 ||    39
Dodge: Dodged            |    28 |    54 ||    82
Block: Kite shield       |    46 |    57 ||   103
